 Dungeon Crawl Stone Soup version 0.23-a0-54-gae6112e (webtiles) character file.

60 Gildeon the Sneak (level 3, -2/18 HPs)
             Began as a Spriggan Assassin on Aug 8, 2018.
             Slain by a worm (4 damage)
             ... on level 2 of the Dungeon.
             The game lasted 00:08:36 (2180 turns).

Gildeon the Sneak (Spriggan Assassin)               Turns: 2180, Time: 00:08:36

Health: -2/18      AC:  3    Str:  8    XL:     3   Next: 80%
Magic:  4/4        EV: 19    Int: 12    God:
Gold:   84         SH:  0    Dex: 17    Spells: 2/2 levels left

rFire    . . .     SeeInvis +   a - +2 dagger
rCold    . . .     Gourm    .   (shield restricted)
rNeg     . . .     Faith    .   c - +0 robe
rPois    .         Spirit   .   (helmet restricted)
rElec    +         Reflect  .   d - +0 cloak
rCorr    .         Harm     .   (gloves unavailable)
MR       .....                  (boots unavailable)
Stlth    ++++......             m - amulet of the acrobat
HPRegen  0.06/turn              (no ring)
MPRegen  0.09/turn              (no ring)

@: very quick
A: very small, unfitting armour, repulsion field 1, see invisible, herbivore,
speed 3, electricity resistance, slow metabolism 2
a: no special abilities


You were on level 2 of the Dungeon.
You were not hungry.

You visited 1 branch of the dungeon, and saw 2 of its levels.

You collected 84 gold pieces.

Inventory:

Hand Weapons
 a - a +2 dagger (weapon)
 b - a +0 blowgun
Missiles
 e - 8 poisoned needles
 f - 2 curare-tipped needles
Armour
 c - a +0 robe (worn)
 d - a +0 cloak (worn)
Jewellery
 m - an amulet of the acrobat (around neck)
Scrolls
 i - a scroll of fear
 l - a scroll of amnesia {unknown}
 n - a scroll of noise {unknown}
Potions
 h - 2 potions of might
 j - a potion of haste
 k - 2 potions of flight
Comestibles
 g - 2 rations


   Skills:
 - Level 1.5 Fighting
 + Level 3.2 Short Blades
 + Level 2.9 Throwing
 - Level 1.5 Dodging
 + Level 6.7 Stealth


You had 2 spell levels left.
You didn't know any spells.
Your spell library was empty.

Dungeon Overview and Level Annotations

Branches:
Dungeon (2/15)

Altars:
Xom


Innate Abilities, Weirdness & Mutations

You are very small and have problems with some larger weapons.
You are too small for most types of armour.
You have supernaturally acute eyesight. (SInv)
You are a herbivore.
You cover ground extremely quickly.
You need to consume almost no food.
You are surrounded by a mild repulsion field. (EV +2)
You are resistant to electric shocks. (rElec)


Message History

You hit the worm but do no damage.
The worm is heavily wounded.
The worm misses you.
You hit the worm.
The worm is heavily wounded.
You hit the worm.
The worm is heavily wounded.
The worm closely misses you.
You hit the worm.
The worm is severely wounded.
You barely miss the worm.
The worm is severely wounded.
The worm bites you!
* * * LOW HITPOINT WARNING * * *
You hit the worm.
The worm is severely wounded.
You barely miss the worm.
The worm is severely wounded.
The worm bites you.
You die...

##### ##### ##...##
########### ##...##
##.....###..........
##.....#
##.......##.####..###
.......#
#.........#.###......
##.....#
#..w@.............###
##...##
#.........#.####...##
##.##
##.......##.###......
####.#####
#.......##..........
#........#
#.....(.########.##.
#.##.###.# #.......#
#.##. #.##.# #.#
#.......# #.###
#.##.# #.# ####.####
# #....# #.# #


You could see a worm.

Vanquished Creatures
  An adder (D:2)
  An ooze (D:1)
  A worm (D:2)
  2 dart slugs
  A leopard gecko (D:1)
  2 bats
  A giant cockroach (D:1)
  3 goblins
  6 hobgoblins
  7 jackals (D:1)
  3 kobolds
  3 frilled lizards (D:1)
  7 rats
38 creatures vanquished.

Notes
Turn   | Place    | Note
-------+----------+-------------------------------------------
     0 | D:1      | Gildeon the Spriggan Assassin began the quest for the Orb.
     0 | D:1      | Reached XP level 1. HP: 10/10 MP: 2/2
   129 | D:1      | Reached skill level 6 in Stealth
   213 | D:1      | Reached XP level 2. HP: 12/14 MP: 3/3
   986 | D:1      | Reached XP level 3. HP: 18/18 MP: 4/4
  1585 | D:2      | Gained mutation: You are surrounded by a mild repulsion field. (EV +2) [potion of mutation]
  1585 | D:2      | Gained mutation: You are resistant to electric shocks. (rElec) [potion of mutation]
  1836 | D:2      | Found a shimmering altar of Xom.
  2180 | D:2      | Slain by a worm

Vault maps used:
D:1:      dpeg_arrival_tiny_h, minivault_24
D:2:      old_standard_altar, led_sif_pool

Skill      XL: |  1  2  3 |
---------------+----------+-----
Stealth        | 6 |  6.7
Short Blades   | 3 |  3.2
Fighting       | |  1.5
Throwing       | |  2.9
Dodging        | |  1.5

Action                   || total
-------------------------++-------
Melee: Dagger            ||   164
 Fire: Blowgun           ||     3
  Use: Scroll            ||     5
       Potion            ||     1
 Stab: Sleeping          ||    10
Armor: Robe              ||    15
Dodge: Dodged            ||   105

Table legend:
 A = Spawn XP
 B = Non-spawn XP
 C = Spawn XP percentage of total XP
 D = Spawn monster count
 E = Non-spawn monster count
 F = Spawn count percentage of total count
 G = Total turns spent on level
                    A         B        C        D         E        F      G
               +---------+---------+-------+---------+---------+-------+---------
         Total |       0 |      86 |   0.0 |       0 |      38 |   0.0 |  2180
               +---------+---------+-------+---------+---------+-------+---------
           D:1 |       0 |      52 |   0.0 |       0 |      27 |   0.0 |  1222
           D:2 |       0 |      34 |   0.0 |       0 |      11 |   0.0 |   958
               +---------+---------+-------+---------+---------+-------+---------
